 Dungeon Crawl Stone Soup version 0.29-a0-317-gd16b76e6b1 (webtiles) character file.

Game seed: 16737771994333704355

350 Dabor the Insei (level 6, 0/63 (69) HPs)
             Began as a Demonspawn Transmuter on Apr 1, 2022.
             Was a Priest of Uskayaw.
             Slain by a wight
             ... wielding a +3 trident
              (4 damage)
             ... on level 4 of the Dungeon.
             The game lasted 00:08:29 (3652 turns).

Dabor the Insei (Demonspawn Transmuter)             Turns: 3652, Time: 00:08:29

HP:   0/63 (69)     AC: 23    Str: 12    XL:     6   Next: 34%
MP:   10/10         EV:  2    Int: 15    God:    Uskayaw [***...]
Gold: 114           SH:  0    Dex: 13    Spells: 7/11 levels left

rFire   + . .      SeeInvis .   r - +1 spear (venom)
rCold   . . .      Faith    .   (no shield)
rNeg    . . .      Spirit   .   (body armour currently unavailable)
rPois   +          Reflect  .   (helmet currently unavailable)
rElec   .          Harm     .   (cloak currently unavailable)
rCorr   .          Rampage  .   (gloves currently unavailable)
Will    .....      NoTele   +   (boots currently unavailable)
Stlth   +.........              (no amulet)
HPRegen 0.20/turn               v - ring of protection from fire
MPRegen 0.12/turn               (no ring)

@: mighty, tree-form, attractive, drained
A: stationary, stasis, torment immunity, boosted hp, (slimy green scales 1),
demonic guardian 2, (demonic touch 1)
a: Renounce Religion, Stomp, Line Pass


You were on level 4 of the Dungeon.
You worshipped Uskayaw.
Uskayaw was noncommittal.
You were a tree.
You visited 1 branch of the dungeon, and saw 4 of its levels.

You collected 114 gold pieces.

Inventory:

Hand Weapons
 r - a +1 spear of venom (weapon)
Missiles
 x - 2 boomerangs (quivered)
Armour
 a - a +0 robe (melded)
 g - a +0 cloak (melded)
 n - a +2 pair of gloves (melded)
 u - a +0 pair of boots (melded)
Jewellery
 v - a ring of protection from fire (left branch)
Wands
 w - a wand of iceblast (3)
Scrolls
 e - 2 scrolls of vulnerability
 i - 2 scrolls of noise {unknown}
 l - 3 scrolls of identify {unknown}
 m - a scroll of fog {unknown}
 p - a scroll of magic mapping {unknown}
 s - 2 scrolls of amnesia {unknown}
Potions
 c - a potion of mutation {unknown}
 f - a potion of flight
 h - a potion of curing {unknown}
 j - a potion of might
 k - 2 potions of heal wounds {unknown}
 o - a potion of attraction
 q - a potion of resistance {unknown}
 t - a potion of degeneration {unknown}


   Skills:
 * Level 2.7 Fighting
 * Level 3.1 Dodging
 - Level 3.4 Unarmed Combat
 * Level 3.1 Spellcasting
 * Level 3.2 Transmutations
 + Level 2.1 Invocations


You had 7 spell levels left.
You knew the following spells:

 Your Spells              Type           Power      Damage    Failure   Level
a - Beastly Appendage     Tmut           24%        N/A       5%          1
b - Wereblood             Tmut           12%        N/A       8%          2
c - Animate Skeleton      Necr           4%         N/A       21%         1

Your spell library contained the following spells:

 Spells                   Type           Power      Damage    Failure   Level
 Apportation              Tloc           4%         N/A       21%         1
 Pain                     Necr           8%         1d4       21%         1
 Summon Small Mammal      Summ           8%         N/A       21%         1
 Spider Form              Tmut/Pois      7%         N/A       30%         3
 Vampiric Draining        Necr           2%         2d6       52%         3
 Ice Form                 Ice/Tmut       7%         N/A       71%         4


Dungeon Overview and Level Annotations

Branches:
Dungeon (4/15)
 Temple: D:4-7

Altars:
Uskayaw

Shops:
D:2 *


Innate Abilities, Weirdness & Mutations

You are a tree.
Your roots penetrate the ground, keeping you stationary.
You cannot be teleported.
You are immune to unholy pain and torment.
Your maximum health is greatly increased.
Your equipment is partially melded.
((You are partially covered in slimy green scales. (AC +2)))
A demonic guardian rushes to your aid.
((Your touch may inflict minor irresistible damage on your foes.))


Message History

The necrophage hits you but does no damage.
Reach: r) +1 spear (venom)
Press: ? - help, Dir - move target, f/p - wight
Aim: a wight, wielding a +3 trident and wearing a +0 robe (almost destroyed, about 38% to evade your +1 spear of venom)
The necrophage is in the way.
You hit the necrophage but do no damage.
The necrophage is heavily damaged.
The wight hits you but does no damage.
The necrophage hits you but does no damage.
Reach: r) +1 spear (venom)
Press: ? - help, Dir - move target, f/p - wight
Aim: a wight, wielding a +3 trident and wearing a +0 robe (almost destroyed, about 38% to evade your +1 spear of venom)
The necrophage is in the way.
You barely miss the necrophage.
The necrophage is heavily damaged.
The wight hits you from afar with a +3 trident.
* * * LOW HITPOINT WARNING * * *
The necrophage barely misses you.
Reach: r) +1 spear (venom)
Press: ? - help, Dir - move target, f/p - wight
Aim: a wight, wielding a +3 trident and wearing a +0 robe (almost destroyed, about 38% to evade your +1 spear of venom)
The necrophage is in the way.
You hit the necrophage but do no damage.
The necrophage is heavily damaged.
The wight hits you from afar with a +3 trident.
* * * LOW HITPOINT WARNING * * *
A demonic guardian appears!
You feel drained.
* * * LOW HITPOINT WARNING * * *
The necrophage hits you but does no damage.
It was a potion of might.
You feel very mighty all of a sudden.
The necrophage hits you but does no damage.
The wight hits you from afar with a +3 trident.
* * * LOW HITPOINT WARNING * * *
Your rust devil hits the necrophage!
Your rust devil corrodes the necrophage!
It was a potion of attraction.
You feel attractive to monsters.
The necrophage hits your rust devil but does no damage.
The wight hits you from afar with a +3 trident.
You die...

...< # ... #! ...
#.. #.#####
#..##.8 #.#
#.....###'#+#+#+#+
#......'4.z4......
#..##.###n#'#+#+#+
#.. #.8##♣#z#
#..##.#######
#?...........
#......[.##..
#..##....#
#..##....#
#..##(...#
#...'....#
#..##....#


You could see a necrophage (distracted, corroded, ally target), a wight and a
friendly rust devil (summoned).

Vanquished Creatures
  A scorpion (D:2)
  A wight (D:4)
  Ijyb (D:3)
  Natasha (twice) (D:2)
  A mummy (D:4)
  5 adders
  4 worms
  A dart slug (D:3)
  10 ball pythons
  7 endoplasms
  5 goblins
  4 hobgoblins
  4 jackals (D:3)
  A quokka (D:2)
  2 bats
  4 frilled lizards
  7 kobolds
  5 rats
65 creatures vanquished.

Vanquished Creatures (collateral kills)
  Natasha (D:2)
  An adder (D:2)
  A dart slug (D:1)
3 creatures vanquished.

Grand Total: 68 creatures vanquished

Notes
Turn   | Place    | Note
-------+----------+-------------------------------------------
     0 | D:1      | Dabor the Demonspawn Transmuter began the quest for the
                  | Orb.
     0 | D:1      | Reached XP level 1. HP: 15/15 MP: 3/3
   393 | D:1      | Gained mutation: You are partially covered in slimy green
                  | scales. (AC +2) [demonic ancestry]
   393 | D:1      | Reached XP level 2. HP: 21/21 MP: 5/5
   520 | D:1      | Learned a level 2 spell: Wereblood
   522 | D:1      | Learned a level 1 spell: Animate Skeleton
   564 | D:1      | Found a faded altar of an unknown god.
   574 | D:1      | Prayed at the altar of an unknown god.
   574 | D:1      | Became a worshipper of Uskayaw the Reveller
   574 | D:1      | Reached * piety under Uskayaw
   645 | D:1      | Reached ** piety under Uskayaw
   952 | D:2      | Noticed Natasha
   968 | D:1      | Gained mutation: A weak demonic guardian rushes to your
                  | aid. [demonic ancestry]
   968 | D:1      | Reached XP level 3. HP: 20/26 MP: 1/6
  1079 | D:2      | Killed Natasha
  1083 | D:2      | Noticed Natasha
  1276 | D:2      | Killed Natasha
  1277 | D:2      | Reached skill level 1 in Invocations
  1277 | D:2      | Reached XP level 4. HP: 24/33 MP: 3/7
  1289 | D:2      | Noticed Natasha
  1302 | D:2      | Killed Natasha
  1665 | D:2      | Found Kaent's General Store.
  2147 | D:2      | Noticed a scorpion
  2195 | D:2      | Killed a scorpion
  2195 | D:2      | Reached *** piety under Uskayaw
  2196 | D:2      | Gained mutation: A demonic guardian rushes to your aid.
                  | [demonic ancestry]
  2196 | D:2      | Reached XP level 5. HP: 29/38 MP: 6/9
  3329 | D:3      | Noticed Ijyb
  3342 | D:3      | Killed Ijyb
  3343 | D:3      | Gained mutation: Your touch may inflict minor irresistible
                  | damage on your foes. [demonic ancestry]
  3343 | D:3      | Reached XP level 6. HP: 30/46 MP: 10/10
  3644 | D:4      | Reached **** piety under Uskayaw
  3652 | D:4      | Slain by a wight

Illustrated notes

Levels and vault maps discovered:
D:1:      dpeg_arrival_refuge, layout_rooms, nicolae_ecumenical_snake_handling
D:2:      wander_river, layout_basic, serial_shops, nicolae_lakefront_shop,
          st_stairs_12, minmay_pentomino_t4, uniq_natasha
D:3:      layout_basic, minmay_fountain_box, corexii_shack, uniq_ijyb
D:4:      layout_gridville, lemuel_mausoleum_altar_yredelemnul,
          pdpol_wu_jian_five_deadly_venoms, minmay_temple_entry_wispy,
          minmay_joined_circles

Skill      XL: |  1  2  3  4  5  6 |
---------------+-------------------+-----
Dodging        | 2 3 |  3.1
Transmutations | 2 3 |  3.2
Unarmed Combat | 3 |  3.4
Invocations    | 1 2 |  2.1
Fighting       | 2 |  2.7
Spellcasting   | 3 |  3.1

Action                   |  1- 3 |  4- 6 || total
-------------------------+-------+-------++-------
Melee: Unarmed           |    66 |    63 ||   129
       Kick              |    10 |    14 ||    24
       Headbutt          |     3 |     9 ||    12
       Punch             |     1 |     3 ||     4
       Spear             |       |    98 ||    98
       Touch             |       |     6 ||     6
Throw: Stone             |    27 |    15 ||    42
       Boomerang         |       |     4 ||     4
 Cast: Beastly Appendage |    11 |    10 ||    21
       Animate Skeleton  |     4 |     6 ||    10
       Wereblood         |     1 |     4 ||     5
Invok: Stomp             |     2 |     1 ||     3
  Use: Scroll            |       |     2 ||     2
       Potion            |       |     4 ||     4
 Stab: Distracted        |     1 |       ||     1
       Paralysed         |       |     2 ||     2
       Sleeping          |       |     1 ||     1
Armor: Robe              |    29 |    45 ||    74
       Skin              |       |    14 ||    14
Dodge: Dodged            |    48 |    82 ||   130

Table legend: (Time is in decaauts)
 A = Elapsed time spent in this place.
 B = Non-inter-level travel time spent in this place.
 C = Inter-level travel time spent in this place.
 D = Time resting spent in this place.
 E = Time spent auto-exploring this place.
 F = Levels seen in this place.
 G = Mean time per level.
                   A        B        C        D        E       F      G
               +--------+--------+--------+--------+--------+-----+--------+
         Total |   3686 |   3508 |    178 |    536 |   2132 |   4 |  921.5 |
       Dungeon |   3686 |   3508 |    178 |    536 |   2132 |   4 |  921.5 |
               +--------+--------+--------+--------+--------+-----+--------+

Top non-repeatable levels by time:
     D:2: 1446 daAuts
     D:1: 1247 daAuts
     D:3: 909 daAuts
     D:4: 82 daAuts
